 Dungeon Crawl Stone Soup version 0.31-a0-949-g57150269e1 (webtiles) character file.

Game seed: 7425297050181958496

108 voltaire321 the Stinger (level 4, -8/32 HPs)
             Began as a Merfolk Venom Mage on Oct 22, 2023.
             Killed by divine providence
             ... invoked by an orc priest
              (15 damage)
             ... on level 4 of the Dungeon.
             The game lasted 00:07:07 (3807 turns).

voltaire321 the Stinger (Merfolk Venom Mage)        Turns: 3807, Time: 00:07:08

Health: -8/32      AC:  4    Str: 10    XL:     4   Next: 87%
Magic:  4/7        EV: 13    Int: 14    God:
Gold:   213        SH:  0    Dex: 14    Spells: 2/7 levels left

rFire   . . .        f - +0 spear
rCold   . . .        (no shield)
rNeg    . . .        a - +0 robe
rPois   .            (no helmet)
rElec   .            (no cloak)
rCorr   .            (no gloves)
SInv    .            h - +1 pair of boots
Will    .....        (no amulet)
Stlth   ++           (no ring)
HPRegen 0.25/turn    (no ring)
MPRegen 0.10/turn

%: no passive effects
@: no status effects
A: (nimble swimmer 2), mertail
a: no special abilities


You were on level 4 of the Dungeon.
You visited 1 branch of the dungeon, and saw 4 of its levels.

You collected 213 gold pieces.

Inventory:

Hand Weapons
 f - a +0 spear (weapon)
Armour
 a - a +0 robe (worn)
 h - a +1 pair of boots (worn)
 j - a +0 kite shield
Wands
 n - a wand of flame (26)
 t - a wand of paralysis (7)
Scrolls
 d - a scroll of noise {unknown}
 i - 2 scrolls of immolation {unknown}
 k - 2 scrolls of identify {unknown}
 m - a scroll of blinking {unknown}
 q - a scroll of enchant weapon {unknown}
 r - a scroll of acquirement {unknown}
Potions
 b - a potion of magic
 c - 3 potions of ambrosia {unknown}
 e - 2 potions of might {unknown}
 g - a potion of lignification {unknown}
 l - a potion of attraction {unknown}
 o - a potion of cancellation {unknown}
 p - 3 potions of brilliance {unknown}
 s - a potion of heal wounds {unknown}
 u - a potion of mutation {unknown}


   Skills:
 + Level 1.6 Fighting
 + Level 1.1 Armour
 + Level 3.6 Dodging
 - Level 2.1 Stealth
 + Level 1.1 Shields
 + Level 2.4 Spellcasting
 - Level 2.0 Transmutations
 + Level 3.8 Poison Magic


You had 2 spell levels left.
You knew the following spells:

 Your Spells              Type           Power      Damage    Failure   Level
a - Sting                 Tmut/Pois      36%        1d4       7%          1
b - Olgreb's Toxic Radia  Pois           12%        N/A       43%         4

Your spell library contained the following spells:

 Spells                   Type           Power      Damage    Failure   Level
 Poisonous Vapours        Pois/Air       14%        N/A       16%         2
 Apportation              Tloc           2%         N/A       22%         1
 Jinxbite                 Hex            2%         N/A       34%         2
 Mephitic Cloud           Conj/Pois/Air  5%         N/A       38%         3
 Alistair's Intoxication  Tmut/Pois      6%         N/A       88%         5


Dungeon Overview and Level Annotations

Branches:
Dungeon (4/15)
 Temple: D:4-7

Altars:
Kikubaaqudgha
Nemelex Xobeh


Innate Abilities, Weirdness & Mutations

((You are very nimble when in or above water. (Stealth+, EV+, Speed+++)))
Your lower body shifts to a powerful aquatic tail in water.


Message History

You kill the ball python!
You see here a ball python corpse.
An orc priest comes into view. It is wielding a +0 mace.
The orc priest shouts!
You hear a shout! x2
The orc priest invokes the aid of Beogh against you.
Pain shoots through your body!
Aiming: Sting (safe; 7% risk of failure)
Press: ? - help, Q - select action, (/) - cycle Shift-Dir - straight line, f - orc priest
Aim: an orc priest, wielding a +0 mace and wearing a +0 leather armour (68% to hit)
The sting hits the orc priest.
The orc priest is poisoned.
The orc priest is lightly wounded.
An orc priest comes into view. It is wielding a +0 short sword.
Aiming: Sting (safe; 7% risk of failure)
Press: ? - help, Q - select action, (/) - cycle Shift-Dir - straight line, f/p - orc priest
Aim: an orc priest, wielding a +0 mace and wearing a +0 leather armour (lightly wounded, poisoned, 68% to hit)
The sting hits the orc priest but does no damage.
The orc priest looks even sicker.
The orc priest is lightly wounded.
The orc priest looks encouraged for a moment.
The orc priest barely misses you.
You barely miss the orc priest.
The orc priest is lightly wounded.
You hit the orc priest.
The orc priest is heavily wounded.
The orc priest invokes the aid of Beogh against you.
Pain shoots through your body!
The orc priest mumbles some strange prayers to Beogh against you.
Pain shoots through your body! The orc priest closely misses you.
The orc priest hits you with a +0 mace.
* * * LOW HITPOINT WARNING * * *
You are too injured to fight recklessly!
Aiming: Sting (safe; 7% risk of failure)
Press: ? - help, Q - select action, (/) - cycle Shift-Dir - straight line, f/p - orc priest
Aim: an orc priest, wielding a +0 mace and wearing a +0 leather armour (heavily wounded, very poisoned, 68% to hit)
The sting hits the orc priest but does no damage.
The orc priest looks even sicker.
The orc priest is heavily wounded.
The orc priest mumbles some strange prayers to Beogh against you.
Beogh smites you!
You die...

#.#.......
#.#.###.<. #+#
#.#.###.## #.#
#.†.....#
#.########.#####
##..........#
##...#########
#.....# ##@o.##
##o## .#.# o#
#?# ## ##


You could see 2 orc priests.

Vanquished Creatures
  3 adders
  A worm (D:2)
  5 dart slugs
  4 orcs (D:2)
  3 ball pythons
  4 endoplasms
  A giant cockroach (D:1)
  5 goblins
  3 hobgoblins
  6 jackals
  8 kobolds
  9 bats
  4 frilled lizards
  4 rats
60 creatures vanquished.

Notes
Turn   | Place    | Note
-------+----------+-------------------------------------------
     0 | D:1      | voltaire321 the Merfolk Venom Mage began the quest for the
                  | Orb.
     0 | D:1      | Reached XP level 1. HP: 13/13 MP: 3/3
   275 | D:1      | Reached XP level 2. HP: 17/20 MP: 3/5
   476 | D:1      | Found a faded altar of an unknown god.
   702 | D:1      | Reached skill level 1 in Fighting
   702 | D:1      | Reached XP level 3. HP: 26/26 MP: 6/6
  1541 | D:2      | Reached XP level 4. HP: 28/32 MP: 1/7
  1823 | D:2      | Found a sparkling altar of Nemelex Xobeh.
  2293 | D:3      | Reached skill level 1 in Armour
  2327 | D:3      | Found an ancient bone altar of Kikubaaqudgha.
  2425 | D:3      | Reached skill level 1 in Shields
  3405 | D:3      | Found a sparkling altar of Nemelex Xobeh.
  3719 | D:4      | Learned a level 4 spell: Olgreb's Toxic Radiance
  3759 | D:4      | Noticed a scorpion
  3807 | D:4      | Killed from afar by an orc priest

Illustrated notes

Levels and vault maps discovered:
D:1:      erik_arrival_orb_chamber, layout_loops_ring,
          ebering_ecumenical_altar_mist
D:2:      layout_loops_corners, basic_altar, wad_orctagon
D:3:      layout_basic, kiku_gazebo_pond_becter, nemelex_diamond_rough_becter,
          serial_co_window_serial, co_window_of_opportunity_a,
          co_window_corner_a, co_window_corner_a, co_window_paths_b,
          co_window_paths_a, co_window_paths_a, co_window_of_opportunity_a,
          co_window_paths_b, co_window_corner_a, co_window_paths_c,
          co_window_of_opportunity_b, co_window_paths_c, co_window_2corner,
          co_window_unsneaky_path_d, co_window_broadway_c, co_window_corner_b,
          glass_columns_a, glass_columns_c, glass_columns_a, glass_columns_a,
          supply_closet_lemuel, kennysheep_generic_room_15
D:4:      layout_loops_corners, uniq_robin

Skill      XL: |  1  2  3  4 |
---------------+-------------+-----
Dodging        | 3 |  3.6
Fighting       | 1 |  1.6
Transmutations | 2 |  2.0
Armour         | 1 |  1.1
Shields        | 1 |  1.1
Stealth        | |  2.1
Spellcasting   | |  2.4
Poison Magic   | |  3.8

Action                     |  1- 3 |  4- 6 || total
---------------------------+-------+-------++-------
  Melee: Spear             |   108 |    67 ||   175
         Punch             |     1 |       ||     1
   Cast: Sting             |    45 |    35 ||    80
    Use: Scroll            |       |     1 ||     1
   Stab: Sleeping          |     8 |     5 ||    13
 Armour: Robe              |    45 |    46 ||    91
  Dodge: Dodged            |    82 |    77 ||   159

Table legend: (Time is in decaauts)
 A = Elapsed time spent in this place.
 B = Non-inter-level travel time spent in this place.
 C = Inter-level travel time spent in this place.
 D = Time resting spent in this place.
 E = Time spent auto-exploring this place.
 F = Levels seen in this place.
 G = Mean time per level.
                   A        B        C        D        E       F      G
               +--------+--------+--------+--------+--------+-----+--------+
         Total |   3823 |   3696 |    127 |    762 |   2251 |   4 |  955.8 |
       Dungeon |   3823 |   3696 |    127 |    762 |   2251 |   4 |  955.8 |
               +--------+--------+--------+--------+--------+-----+--------+

Top non-repeatable levels by time:
     D:3: 1357 daAuts
     D:2: 1333 daAuts
     D:1: 967 daAuts
     D:4: 163 daAuts
